[Event "CZE-ch U14 Girls 2020"]
[Site "Kouty nad Desnou"]
[Date "2020.03.07"]
[Round "1.1"]
[White "Vaclavik, Jan"]
[Black "Stalmach, Richard"]
[Result "0-1"]
[ECO "A00"]
[WhiteElo "1791"]
[BlackElo "2259"]
[Annotator "ChessBase"]
[PlyCount "54"]
[EventDate "2020.03.07"]
[EventCountry "CZE"]
[SourceTitle "playchess.com"]
[Source "ChessBase"]
[SourceQuality "1"]
[TimeControl "5400+30"]

1. g3 Nf6 2. Bg2 g6 3. b3 Bg7 4. Bb2 c5 5. c4 d6 6. Nf3 e5 7. Nc3 O-O 8. O-O Nc6 9. d3 Rb8 10. Ne1 Nh5 11. Nc2 f5 12. Ne3 f4 13. Ned5 g5 14. a3 g4 15. b4 Nd4 16. Be4 f3 17. e3 Ne6 18. Qb3 Qg5 19. Nb5 Qh6 20. Kh1 Nf6 21. Nxd6 Qh3 22. Rg1 Nxd5 23. cxd5 Rf6 24. Nf5 Nd4 25. exd4 Bxf5 26. Bxf5 Qxh2+ 27. Kxh2 Rh6# 0-1

[Event "CZE-ch U14 Girls 2020"]
[Site "Kouty nad Desnou"]
[Date "2020.03.07"]
[Round "1.2"]
[White "Hrbek, Stepan"]
[Black "Lang, Simon"]
[Result "1-0"]
[ECO "A06"]
[WhiteElo "2142"]
[BlackElo "1779"]
[Annotator "ChessBase"]
[PlyCount "39"]
[EventDate "2020.03.07"]
[EventCountry "CZE"]
[SourceTitle "playchess.com"]
[Source "ChessBase"]
[SourceQuality "1"]
[TimeControl "5400+30"]

1. Nf3 d5 2. e3 e6 3. c4 c5 4. d4 Nc6 5. a3 Nf6 6. dxc5 Bxc5 7. b4 Bb6 8. Bb2 O-O 9. Nbd2 Qe7 10. Be2 Bd7 11. O-O Rfd8 12. Qb3 Rac8 13. Rfd1 Be8 14. Rac1 Bc7 15. cxd5 Rxd5 16. e4 Rh5 17. e5 Ng4 18. Nc4 Rh6 19. h3 b5 20. Nd6 1-0

[Event "CZE-ch U14 Girls 2020"]
[Site "Kouty nad Desnou"]
[Date "2020.03.07"]
[Round "1.3"]
[White "Stocek, Martin"]
[Black "Hak, David"]
[Result "0-1"]
[ECO "E92"]
[WhiteElo "1772"]
[BlackElo "2120"]
[Annotator "ChessBase"]
[PlyCount "134"]
[EventDate "2020.03.07"]
[EventCountry "CZE"]
[SourceTitle "playchess.com"]
[Source "ChessBase"]
[SourceQuality "1"]
[TimeControl "5400+30"]

1. d4 Nf6 2. Nf3 g6 3. c4 Bg7 4. Nc3 d6 5. e4 O-O 6. Be2 e5 7. dxe5 dxe5 8. O-O Nbd7 9. Bg5 c6 10. Qd6 Qb6 11. Rab1 Ne8 12. Qd2 f6 13. Be3 Qd8 14. b4 Nc7 15. b5 Qe7 16. Rfd1 Re8 17. bxc6 bxc6 18. Qd6 Qxd6 19. Rxd6 Re6 20. Rbd1 Rxd6 21. Rxd6 Ne8 22. Rd1 Bf8 23. Rb1 Bc5 24. Bd2 Nb6 25. Be3 Bxe3 26. fxe3 Ba6 27. c5 Bxe2 28. cxb6 Bd3 29. Rd1 Bc4 30. bxa7 Rxa7 31. Rd8 Kf7 32. Nd2 Be6 33. Rb8 c5 34. Rb5 Rc7 35. a4 c4 36. a5 Nd6 37. Rb4 Ra7 38. Ra4 Ra6 39. Kf2 Ke7 40. Ke2 Kd7 41. Nd5 Bxd5 42. exd5 f5 43. Nxc4 Nxc4 44. Rxc4 Rxa5 45. Rb4 Kd6 46. Rb7 h5 47. Rb6+ Kxd5 48. Rxg6 Ke4 49. Rd6 Ra3 50. Rd2 Rxe3+ 51. Kf2 Rd3 52. Re2+ Kd4 53. Ra2 Rc3 54. Rd2+ Rd3 55. Ra2 e4 56. Ra5 f4 57. Rxh5 Rd2+ 58. Kf1 Ke3 59. Rh3+ f3 60. gxf3 exf3 61. Ke1 Ra2 62. Kd1 Ra1+ 63. Kc2 Ke2 64. Rh8 f2 65. Re8+ Kf3 66. Rf8+ Kg2 67. Rg8+ Kh1 0-1

[Event "CZE-ch U14 Girls 2020"]
[Site "Kouty nad Desnou"]
[Date "2020.03.07"]
[Round "1.4"]
[White "Petricek, Lukas"]
[Black "Prochazka, Vojtech"]
[Result "1-0"]
[ECO "B22"]
[WhiteElo "2106"]
[BlackElo "1763"]
[Annotator "ChessBase"]
[PlyCount "117"]
[EventDate "2020.03.07"]
[EventCountry "CZE"]
[SourceTitle "playchess.com"]
[Source "ChessBase"]
[SourceQuality "1"]
[TimeControl "5400+30"]

1. e4 c5 2. c3 d5 3. exd5 Qxd5 4. d4 cxd4 5. cxd4 e5 6. Nf3 exd4 7. Qxd4 Nf6 8. Be3 Nc6 9. Qxd5 Nxd5 10. Bd2 Bf5 11. a3 O-O-O 12. Bc4 Re8+ 13. Kf1 Be6 14. Bd3 h6 15. Nc3 Nxc3 16. Bxc3 Rd8 17. Be2 f6 18. Rc1 Kb8 19. b4 Bd6 20. Bd2 Rhe8 21. h4 Rc8 22. Be3 Ne5 23. Rd1 Red8 24. Nd4 Bc4 25. f4 Bxe2+ 26. Kxe2 Nc4 27. Nb5 Nxe3 28. Kxe3 Bc7 29. Nxc7 Kxc7 30. Ke4 g6 31. Kf3 Kb6 32. Rxd8 Rxd8 33. Re1 Rd3+ 34. Re3 Rxe3+ 35. Kxe3 Kb5 36. g4 f5 37. gxf5 gxf5 38. Kd4 Ka4 39. Ke5 Kxa3 40. Kxf5 Kxb4 41. Ke4 Kc5 42. Ke5 Kc6 43. Ke6 a5 44. f5 a4 45. f6 a3 46. f7 a2 47. f8=Q a1=Q 48. Qxh6 Qd4 49. Kf5+ Kc5 50. Qc1+ Kd6 51. Qh6+ Kc5 52. Qf8+ Kc4 53. Qg8+ Kc3 54. Qg3+ Kc4 55. Qg8+ Kc3 56. Qg3+ Kc4 57. h5 b5 58. Qf4 Qxf4+ 59. Kxf4 1-0

[Event "CZE-ch U14 Girls 2020"]
[Site "Kouty nad Desnou"]
[Date "2020.03.07"]
[Round "1.5"]
[White "Vilimek, Vit"]
[Black "Babula, Vlastimil"]
[Result "0-1"]
[ECO "B20"]
[WhiteElo "1695"]
[BlackElo "2026"]
[Annotator "ChessBase"]
[PlyCount "70"]
[EventDate "2020.03.07"]
[EventCountry "CZE"]
[SourceTitle "playchess.com"]
[Source "ChessBase"]
[SourceQuality "1"]
[TimeControl "5400+30"]

1. e4 c5 2. b4 cxb4 3. a3 e5 4. Nf3 Nc6 5. Bb5 Nf6 6. O-O Be7 7. d4 Nxe4 8. d5 Nd6 9. dxc6 Nxb5 10. a4 Nd6 11. cxb7 Bxb7 12. Nxe5 Ne4 13. Qe2 O-O 14. Rd1 d6 15. Nd3 Bf6 16. Ra2 Re8 17. Qg4 a5 18. f3 Qb6+ 19. Kf1 Bc8 20. Qxe4 Rxe4 21. fxe4 Be6 22. Rb2 Qc6 23. e5 dxe5 24. c3 e4 25. Nf4 bxc3 26. Rc2 Bb3 27. Na3 Bxc2 28. Nxc2 Qxa4 29. Ne3 Rd8 30. Rxd8+ Bxd8 31. Ne2 Qb3 32. Ke1 Bb6 33. Nd1 a4 34. Ndxc3 Ba5 35. Kd2 a3 0-1

[Event "CZE-ch U14 Girls 2020"]
[Site "Kouty nad Desnou"]
[Date "2020.03.07"]
[Round "1.6"]
[White "Smolik, Jachym"]
[Black "Mohapl, Tomas"]
[Result "1-0"]
[ECO "D10"]
[WhiteElo "2025"]
[BlackElo "1654"]
[Annotator "ChessBase"]
[PlyCount "71"]
[EventDate "2020.03.07"]
[EventCountry "CZE"]
[SourceTitle "playchess.com"]
[Source "ChessBase"]
[SourceQuality "1"]
[TimeControl "5400+30"]

1. d4 d5 2. c4 c6 3. cxd5 cxd5 4. Nc3 Nf6 5. Bf4 Nc6 6. e3 a6 7. Rc1 Qb6 8. Qd2 Bf5 9. Na4 Qd8 10. Nc5 Ne4 11. Nxe4 Bxe4 12. Ne2 e6 13. f3 Bg6 14. h4 h5 15. Kf2 Be7 16. Bg3 Bf6 17. Nf4 Bf5 18. b4 Qb6 19. a3 a5 20. b5 Ne7 21. Ng6 Rc8 22. Nxh8 g6 23. Rxc8+ Nxc8 24. Qc3 Qd8 25. Nxf7 Kxf7 26. Bc7 Qd7 27. Bxa5 b6 28. Bb4 Na7 29. a4 Bd8 30. Be2 Kg8 31. g3 Kh7 32. Rc1 Kg8 33. a5 Nxb5 34. Qc8 e5 35. Qxd7 Bxd7 36. Bxb5 1-0

[Event "CZE-ch U14 Girls 2020"]
[Site "Kouty nad Desnou"]
[Date "2020.03.07"]
[Round "1.7"]
[White "Licka, Denis"]
[Black "Paseka, Matyas"]
[Result "0-1"]
[ECO "B90"]
[WhiteElo "1594"]
[BlackElo "2012"]
[Annotator "ChessBase"]
[PlyCount "62"]
[EventDate "2020.03.07"]
[EventCountry "CZE"]
[SourceTitle "playchess.com"]
[Source "ChessBase"]
[SourceQuality "1"]
[TimeControl "5400+30"]

1. e4 c5 2. Nf3 d6 3. d4 cxd4 4. Nxd4 Nf6 5. Nc3 a6 6. Be3 e5 7. Nb3 Be6 8. f3 h5 9. Qd2 Nbd7 10. O-O-O Rc8 11. Kb1 b5 12. Nd5 Bxd5 13. exd5 Nb6 14. Bxb6 Qxb6 15. Bd3 g6 16. Be4 Bh6 17. Qe1 b4 18. Qh4 Nxe4 19. fxe4 Qc7 20. Qf2 O-O 21. Rhg1 a5 22. g4 a4 23. Nc1 hxg4 24. Nd3 b3 25. cxb3 axb3 26. Rg2 Qa5 27. a3 Rc2 28. Qf1 Rfc8 29. Rxg4 Qb5 30. Qg1 Kg7 31. Qa7 Qxd3 0-1

[Event "CZE-ch U14 Girls 2020"]
[Site "Kouty nad Desnou"]
[Date "2020.03.07"]
[Round "1.8"]
[White "Janous, Marek"]
[Black "Richter, Rudolf"]
[Result "1-0"]
[ECO "B05"]
[WhiteElo "1990"]
[BlackElo "1555"]
[Annotator "ChessBase"]
[PlyCount "101"]
[EventDate "2020.03.07"]
[EventCountry "CZE"]
[SourceTitle "playchess.com"]
[Source "ChessBase"]
[SourceQuality "1"]
[TimeControl "5400+30"]

1. e4 Nf6 2. e5 Nd5 3. d4 d6 4. Nf3 Bg4 5. Be2 Nc6 6. O-O g6 7. h3 Bxf3 8. Bxf3 Nb6 9. exd6 cxd6 10. Re1 Bg7 11. Bg5 f6 12. Bh4 O-O 13. c3 d5 14. Nd2 Qd7 15. Nb3 e5 16. Nc5 Qf7 17. dxe5 Nxe5 18. a4 Rac8 19. Nd3 Nxf3+ 20. Qxf3 Nc4 21. Bg3 Rfe8 22. Rxe8+ Rxe8 23. Rd1 Rd8 24. b3 Ne5 25. Qe3 Nxd3 26. Qxd3 f5 27. Bf4 Qf6 28. c4 d4 29. c5 Qc6 30. Qc4+ Qd5 31. Qxd5+ Rxd5 32. Bd6 Bf8 33. Bxf8 Kxf8 34. b4 Ke8 35. Kf1 Ke7 36. Ke2 Kf6 37. Kd3 Rd8 38. b5 Ke6 39. Kc4 Ke5 40. Rd3 Ke4 41. f3+ Ke5 42. g3 g5 43. a5 h5 44. Rd1 Rd7 45. Re1+ Kf6 46. c6 bxc6 47. bxc6 Rd8 48. Kc5 d3 49. c7 Rc8 50. Kc6 d2 51. Rd1 1-0

[Event "CZE-ch U14 Girls 2020"]
[Site "Kouty nad Desnou"]
[Date "2020.03.07"]
[Round "1.9"]
[White "Mrazek, Roman"]
[Black "Hlavina, Matous"]
[Result "1-0"]
[ECO "A45"]
[WhiteElo "1545"]
[BlackElo "1986"]
[Annotator "ChessBase"]
[PlyCount "73"]
[EventDate "2020.03.07"]
[EventCountry "CZE"]
[SourceTitle "playchess.com"]
[Source "ChessBase"]
[SourceQuality "1"]
[TimeControl "5400+30"]

1. d4 Nf6 2. Bf4 g6 3. e3 Bg7 4. h3 d6 5. Nf3 c5 6. c3 Qb6 7. Qb3 Qc7 8. Nbd2 O-O 9. Bd3 Be6 10. Qd1 Nd5 11. Bh2 cxd4 12. exd4 a6 13. O-O Qc8 14. Re1 Nc6 15. Qe2 Bf5 16. Ne4 h5 17. Rad1 b5 18. Bb1 Na5 19. Nh4 Bd7 20. Ng5 Bh6 21. Nxf7 Kxf7 22. Bxg6+ Kg7 23. Qxh5 e6 24. Bxd6 Nc4 25. Bxf8+ Qxf8 26. Be4 Be8 27. Qg4+ Kh8 28. Qxe6 Bf7 29. Qf5 Qg7 30. Bxd5 Bxd5 31. Qxd5 Rg8 32. Nf5 Qg5 33. Ne3 Qg7 34. Nxc4 bxc4 35. Qe5 Bf4 36. Qxg7+ Rxg7 37. d5 1-0

[Event "CZE-ch U14 Girls 2020"]
[Site "Kouty nad Desnou"]
[Date "2020.03.07"]
[Round "1.10"]
[White "Kures, Michael"]
[Black "Tajovsky, Simon"]
[Result "1-0"]
[ECO "B24"]
[WhiteElo "1943"]
[BlackElo "1512"]
[Annotator "ChessBase"]
[PlyCount "71"]
[EventDate "2020.03.07"]
[EventCountry "CZE"]
[SourceTitle "playchess.com"]
[Source "ChessBase"]
[SourceQuality "1"]
[TimeControl "5400+30"]

1. e4 c5 2. Nc3 Nc6 3. Bb5 g6 4. f4 Bg7 5. Nf3 e6 6. Bxc6 bxc6 7. e5 Ne7 8. Ne4 O-O 9. Nxc5 d6 10. exd6 Qxd6 11. d4 Rd8 12. c3 Nd5 13. Ne5 f6 14. Nc4 Qc7 15. O-O e5 16. fxe5 fxe5 17. Bg5 Ne7 18. Qe2 Re8 19. Nxe5 Nd5 20. Ncd3 Ba6 21. Bf4 Nxf4 22. Rxf4 Bxe5 23. dxe5 Bxd3 24. Qxd3 Qxe5 25. Qc4+ Kh8 26. Raf1 Rab8 27. b3 c5 28. Rf7 Rbd8 29. Rxa7 Rf8 30. Raf7 Rxf7 31. Qxf7 Qe3+ 32. Kh1 Qxc3 33. Qe7 Rg8 34. h3 Qd3 35. Qe5+ Rg7 36. Rf8# 1-0

[Event "CZE-ch U14 Girls 2020"]
[Site "Kouty nad Desnou"]
[Date "2020.03.07"]
[Round "1.11"]
[White "Kanak, Matyas"]
[Black "Winter, Ondrej"]
[Result "0-1"]
[ECO "B38"]
[WhiteElo "1499"]
[BlackElo "1896"]
[Annotator "NA"]
[PlyCount "112"]
[EventDate "2020.03.07"]
[EventCountry "CZE"]
[SourceTitle "playchess.com"]
[Source "ChessBase"]
[SourceQuality "1"]
[TimeControl "5400+30"]

1. e4 c5 2. Nf3 Nc6 3. c4 g6 4. d4 cxd4 5. Nxd4 Bg7 6. Be3 Nf6 7. Nc3 O-O 8. Be2 d6 9. O-O Bd7 10. Qd2 Nxd4 11. Bxd4 Bc6 12. Bf3 a5 13. Nd5 Bxd5 14. exd5 Nd7 15. Bxg7 Kxg7 16. Qc3+ Kg8 17. Be4 Qb6 18. Kh1 Rfc8 19. f4 Qb4 20. Qxb4 axb4 21. b3 Ra3 22. Rf2 Nc5 23. Bc2 Rca8 24. Bd1 Nxb3 25. Rb1 Nc5 26. Bb3 Nxb3 27. axb3 Ra1 28. Rff1 Rxb1 29. Rxb1 Ra2 30. Kg1 Kg7 31. g3 Kf6 32. g4 b6 33. Re1 e6 34. dxe6 fxe6 35. Rd1 Ke7 36. Re1 Kd7 37. Rd1 Rb2 38. Rd3 Rc2 39. Rh3 Rc3 40. Rg3 Kc6 41. Kf2 Rc2+ 42. Kg1 Rc3 43. Kf2 b5 44. cxb5+ Kxb5 45. Re3 Kc6 46. h4 Rxe3 47. Kxe3 Kd5 48. Kd3 e5 49. f5 gxf5 50. g5 e4+ 51. Ke3 Ke5 52. h5 f4+ 53. Ke2 Kf5 54. g6 hxg6 55. h6 Kf6 56. h7 Kg7 0-1

[Event "CZE-ch U14 Girls 2020"]
[Site "Kouty nad Desnou"]
[Date "2020.03.07"]
[Round "1.11"]
[White "Martinkova, Magdalena"]
[Black "Macova, Marketa"]
[Result "1-0"]
[ECO "C27"]
[WhiteElo "1473"]
[BlackElo "1025"]
[Annotator "NA RC"]
[PlyCount "73"]
[EventDate "2020.03.07"]
[EventCountry "CZE"]
[SourceTitle "playchess.com"]
[Source "ChessBase"]
[SourceQuality "1"]
[TimeControl "5400+30"]

1. e4 e5 2. Nc3 Nc6 3. Bc4 Nf6 4. d3 Bc5 5. f4 d6 6. f5 b6 7. Bg5 Bb7 8. Nf3 Qe7 9. Nd5 Qd8 10. Qd2 Nd4 11. Nxd4 Bxd5 12. Bxd5 Bxd4 13. Bxa8 Qxa8 14. c3 Bc5 15. Bxf6 gxf6 16. b4 Bxb4 17. cxb4 Rg8 18. Rc1 Qb7 19. g3 c5 20. Qc2 Qc7 21. bxc5 bxc5 22. Rb1 Ke7 23. Qb3 Rc8 24. Qb7 Qxb7 25. Rxb7+ Kf8 26. Kd2 a6 27. Rhb1 Kg7 28. Rd7 Rc6 29. Rbb7 Rc8 30. Rxf7+ Kg8 31. Rxf6 Rd8 32. Rff7 Re8 33. Rg7+ Kh8 34. Rxh7+ Kg8 35. f6 Rd8 36. Rbg7+ Kf8 37. Rh8# 1-0

[Event "CZE-ch U14 Girls 2020"]
[Site "Kouty nad Desnou"]
[Date "2020.03.07"]
[Round "1.12"]
[White "Werner, Hong Quan Dan"]
[Black "Zednicek, Filip"]
[Result "1-0"]
[ECO "C50"]
[WhiteElo "1801"]
[BlackElo "1365"]
[Annotator "NA"]
[PlyCount "67"]
[EventDate "2020.03.07"]
[EventCountry "CZE"]
[SourceTitle "playchess.com"]
[Source "ChessBase"]
[SourceQuality "1"]
[TimeControl "5400+30"]

1. e4 e5 2. Nf3 Nc6 3. Bc4 Nf6 4. d3 Bc5 5. c3 O-O 6. Nbd2 d6 7. Bb3 Bg4 8. O-O d5 9. exd5 Nxd5 10. Ne4 Be7 11. h3 Bh5 12. Ng3 Bg6 13. Re1 Bf6 14. Ne4 Be7 15. Bc2 h6 16. a3 Kh8 17. c4 Nf6 18. Nc3 Bh5 19. g4 Bg6 20. b4 h5 21. g5 Nh7 22. b5 Nd4 23. Rxe5 Nxf3+ 24. Qxf3 Nxg5 25. Qg3 Bd6 26. Qxg5 f6 27. Qxg6 Bxe5 28. d4 f5 29. dxe5 Qd4 30. Bb2 Qd2 31. Nd5 Rae8 32. e6 Rg8 33. Bxf5 Qh6 34. Qxh6# 1-0

[Event "CZE-ch U14 Girls 2020"]
[Site "Kouty nad Desnou"]
[Date "2020.03.07"]
[Round "1.12"]
[White "Nespora, Tatana"]
[Black "Voriskova, Anna"]
[Result "0-1"]
[ECO "B33"]
[WhiteElo "1310"]
[BlackElo "1820"]
[Annotator "NA RC"]
[PlyCount "88"]
[EventDate "2020.03.07"]
[EventCountry "CZE"]
[SourceTitle "playchess.com"]
[Source "ChessBase"]
[SourceQuality "1"]
[TimeControl "5400+30"]

1. e4 c5 2. Nf3 Nc6 3. d4 cxd4 4. Nxd4 Nf6 5. Nc3 e5 6. Ndb5 d6 7. a4 h6 8. Bc4 Be7 9. Be3 a6 10. Na3 O-O 11. O-O Be6 12. Qd2 Rc8 13. Ba2 Bxa2 14. Rxa2 Nb4 15. Raa1 d5 16. exd5 Nbxd5 17. Nxd5 Nxd5 18. Rfd1 Nxe3 19. Qxe3 Qc7 20. c3 Rfd8 21. Nc2 Qa5 22. Qe4 Qb6 23. Nb4 Bxb4 24. cxb4 Rd4 25. Qxe5 Rxb4 26. a5 Qc6 27. h3 Rb5 28. Qd4 Rg5 29. g3 Rc5 30. Qe3 Re8 31. Qf4 Rc2 32. b4 Qe6 33. h4 Rc4 34. Qd2 Qg6 35. Qd7 Rb8 36. Qe7 Re4 37. Qc7 Rbe8 38. Rd6 Re1+ 39. Rxe1 Rxe1+ 40. Kh2 Qe4 41. Rd8+ Kh7 42. g4 Rh1+ 43. Kg3 Rg1+ 44. Kh3 Qg2# 0-1

[Event "CZE-ch U14 Girls 2020"]
[Site "Kouty nad Desnou"]
[Date "2020.03.07"]
[Round "1.13"]
[White "Zelbova, Lada"]
[Black "Hosova, Sandra"]
[Result "1-0"]
[ECO "D02"]
[WhiteElo "1646"]
[BlackElo "1297"]
[Annotator "NA RC"]
[PlyCount "115"]
[EventDate "2020.03.07"]
[EventCountry "CZE"]
[SourceTitle "playchess.com"]
[Source "ChessBase"]
[SourceQuality "1"]
[TimeControl "5400+30"]

1. d4 d5 2. Bf4 Bf5 3. e3 Nf6 4. c4 c6 5. Nc3 e6 6. Qb3 Qc8 7. Nf3 Nbd7 8. h3 h6 9. Rc1 Be7 10. Be2 O-O 11. O-O Re8 12. Ne5 a6 13. Rfd1 Ra7 14. Nxd7 Qxd7 15. Qb6 Rea8 16. cxd5 exd5 17. Na4 Bd8 18. Qb3 b5 19. Nc5 Qe8 20. Bd3 Bxd3 21. Nxd3 a5 22. a4 b4 23. Rc2 Rc8 24. Rdc1 Ra6 25. Ne5 Qe6 26. Qd3 Rb6 27. Rc5 Nd7 28. Nxd7 Qxd7 29. Rxa5 b3 30. Ra6 Qb7 31. Rxb6 Qxb6 32. Rc3 Qa5 33. Rxb3 Qxa4 34. Rb7 Qa8 35. Rd7 Bf6 36. Qf5 Rd8 37. Rc7 Re8 38. Qd7 Kh8 39. Qxf7 Rg8 40. Bxh6 Qe8 41. Qxe8 Rxe8 42. Bf4 Rb8 43. Rxg7 Kxg7 44. Bxb8 Kg6 45. Bd6 Kg5 46. g3 Bd8 47. Kf1 Kf5 48. Ke2 Ba5 49. f4 Kg6 50. Kf3 Bd8 51. Kg4 Bf6 52. h4 Bd8 53. h5+ Kg7 54. Kf5 Ba5 55. b4 Bd8 56. Ke6 Kh6 57. g4 Bh4 58. f5 1-0

[Event "CZE-ch U14 Girls 2020"]
[Site "Kouty nad Desnou"]
[Date "2020.03.07"]
[Round "1.14"]
[White "Rezna, Hedvika"]
[Black "Trasakova, Adela"]
[Result "0-1"]
[ECO "B13"]
[WhiteElo "1242"]
[BlackElo "1639"]
[Annotator "NA RC"]
[PlyCount "108"]
[EventDate "2020.03.07"]
[EventCountry "CZE"]
[SourceTitle "playchess.com"]
[Source "ChessBase"]
[SourceQuality "1"]
[TimeControl "5400+30"]

1. e4 c6 2. d4 d5 3. exd5 cxd5 4. Bd3 Nc6 5. c3 Qc7 6. h3 Nf6 7. Nf3 g6 8. O-O Bf5 9. Bxf5 gxf5 10. Bg5 Ne4 11. Nbd2 O-O-O 12. Re1 Rg8 13. Bh4 Bh6 14. Qc2 Rg7 15. Nf1 Rdg8 16. g3 e6 17. Rad1 Ng5 18. Bxg5 Bxg5 19. Kg2 h5 20. h4 Be7 21. Qe2 f4 22. b3 fxg3 23. fxg3 Rg4 24. Rd3 Bxh4 25. Nxh4 Rxh4 26. Qf3 Rhg4 27. Qf2 h4 28. Ree3 Nd8 29. Rf3 f5 30. Kh3 hxg3 31. Rxg3 Qh7+ 32. Kg2 Rh8 33. Kf3 Qh1+ 34. Qg2 Rxg3+ 35. Nxg3 Qh4 36. Kf2 f4 37. Rf3 fxg3+ 38. Qxg3 Qxg3+ 39. Kxg3 Kd7 40. b4 Ke7 41. a4 Rg8+ 42. Kf2 Rf8 43. Rxf8 Kxf8 44. Ke3 Ke7 45. Kd3 Nc6 46. Ke3 Kf6 47. Kf4 a6 48. a5 Na7 49. Kg4 Nb5 50. Kf4 Nxc3 51. Ke3 Na2 52. Kd3 Nxb4+ 53. Kc3 Nc6 54. Kd3 Nxa5 0-1

[Event "CZE-ch U14 Girls 2020"]
[Site "Kouty nad Desnou"]
[Date "2020.03.07"]
[Round "1.15"]
[White "Pejrimovska, Viola Ruby"]
[Black "Vavrinkova, Marie"]
[Result "1-0"]
[ECO "C42"]
[WhiteElo "1600"]
[BlackElo "1240"]
[Annotator "NA RC"]
[PlyCount "65"]
[EventDate "2020.03.07"]
[EventCountry "CZE"]
[SourceTitle "playchess.com"]
[Source "ChessBase"]
[SourceQuality "1"]
[TimeControl "5400+30"]

1. e4 e5 2. Nf3 Nf6 3. Nc3 Bb4 4. Bc4 O-O 5. O-O Nc6 6. Nd5 Bc5 7. d4 exd4 8. Bg5 Be7 9. Nxe7+ Qxe7 10. Re1 d6 11. Nxd4 Ne5 12. Nf5 Qd8 13. Bb3 h6 14. Bh4 Ng6 15. Bg3 Nxe4 16. Nxh6+ gxh6 17. Rxe4 Bf5 18. Re3 Qf6 19. Rf3 Rad8 20. Qd3 Qxb2 21. Qc3 Qxc3 22. Rxc3 c6 23. Rf3 Bg4 24. Rf6 d5 25. h3 Be6 26. Re1 Kg7 27. Rf3 c5 28. c3 Rfe8 29. Bc2 Re7 30. Bxg6 fxg6 31. Be5+ Kh7 32. Bf6 Rf7 33. Bxd8 1-0

[Event "CZE-ch U14 Girls 2020"]
[Site "Kouty nad Desnou"]
[Date "2020.03.07"]
[Round "1.16"]
[White "Ticha, Sofie"]
[Black "Fizerova, Lucie"]
[Result "0-1"]
[ECO "C42"]
[WhiteElo "1216"]
[BlackElo "1574"]
[Annotator "NA RC"]
[PlyCount "158"]
[EventDate "2020.03.07"]
[EventCountry "CZE"]
[SourceTitle "playchess.com"]
[Source "ChessBase"]
[SourceQuality "1"]
[TimeControl "5400+30"]

1. e4 e5 2. Nf3 Nf6 3. Nxe5 d6 4. Nf3 Nxe4 5. Nc3 Nf6 6. d4 Be7 7. Bd3 Nbd7 8. O-O Nb6 9. Re1 h6 10. Nh4 O-O 11. Nf5 Bxf5 12. Bxf5 d5 13. Bf4 a6 14. Qf3 Bd6 15. Rad1 Bxf4 16. Qxf4 Nc4 17. Rb1 Nd6 18. Bd3 Qd7 19. Re2 Rfe8 20. Rbe1 Rxe2 21. Rxe2 Re8 22. Qf3 Rxe2 23. Bxe2 Nde4 24. h3 Nxc3 25. Qxc3 Ne4 26. Qf3 Qa4 27. Qf5 Nd6 28. Qd3 Qxa2 29. Qc3 c6 30. Qg3 Qb1+ 31. Kh2 Qe1 32. Bg4 Qe7 33. b3 Qd8 34. Qe5 Ne4 35. Kg1 Nf6 36. Qf5 Nxg4 37. Qxg4 Qe8 38. Qd1 Qe4 39. Kf1 Kf8 40. Qd2 Qe7 41. Qf4 Kg8 42. c3 Qa3 43. Qg4 Qc1+ 44. Ke2 Qc2+ 45. Kf1 f5 46. Qh5 Qxb3 47. Qe8+ Kh7 48. Qh5 g6 49. Qf3 Qb1+ 50. Ke2 a5 51. Kd2 Qe4 52. Qg3 f4 53. Qg4 Qf5 54. Qh4 Qg5 55. Qg4 Qxg4 56. hxg4 g5 57. Kc2 b5 58. Kb3 Kg7 59. f3 Kf7 60. Ka3 Ke7 61. Kb3 Kd6 62. Ka3 c5 63. Kb3 cxd4 64. cxd4 Kc6 65. Kc3 b4+ 66. Kb3 Kb5 67. Kb2 a4 68. Kc2 Kc4 69. Kb2 Kxd4 70. Kc2 Ke3 71. Kd1 a3 72. Kc1 b3 73. Kb1 a2+ 74. Kb2 Kd4 75. Ka1 Kc3 76. g3 b2+ 77. Kxa2 Kc2 78. gxf4 b1=Q+ 79. Ka3 Qb3# 0-1

[Event "CZE-ch U14 Girls 2020"]
[Site "Kouty nad Desnou"]
[Date "2020.03.07"]
[Round "1.17"]
[White "Nagyova, Daniela"]
[Black "Glasbergerova, Lucie"]
[Result "0-1"]
[ECO "C54"]
[WhiteElo "1560"]
[BlackElo "1203"]
[Annotator "NA RC"]
[PlyCount "116"]
[EventDate "2020.03.07"]
[EventCountry "CZE"]
[SourceTitle "playchess.com"]
[Source "ChessBase"]
[SourceQuality "1"]
[TimeControl "5400+30"]

1. e4 e5 2. Nf3 Nc6 3. Bc4 Bc5 4. c3 Nf6 5. d4 exd4 6. e5 Ne4 7. cxd4 Bb4+ 8. Nbd2 Bxd2+ 9. Bxd2 d5 10. Bb5 Bd7 11. Bxc6 Bxc6 12. Bb4 a5 13. Ba3 b5 14. Rc1 Qd7 15. Bc5 b4 16. Nd2 Nxc5 17. Rxc5 Bb5 18. Qf3 c6 19. Nb3 a4 20. Nc1 Qb7 21. Qg3 O-O 22. f4 Rfe8 23. Kf2 Qd7 24. Qg5 Qe7 25. Qxe7 Rxe7 26. f5 Rc7 27. g4 Bc4 28. h4 b3 29. a3 Kf8 30. g5 g6 31. f6 Ke8 32. h5 Kd7 33. hxg6 hxg6 34. Ke3 Ke6 35. Kf4 Rb8 36. Kg4 Rb5 37. Rxb5 Bxb5 38. Rh8 c5 39. Kf4 cxd4 40. Rd8 Rc6 41. Re8+ Kd7 42. Re7+ Kd8 43. Rxf7 Rxc1 44. e6 Be8 45. Rf8 Re1 46. e7+ Kd7 47. Rh8 d3 48. Rh2 Re2 49. Rh1 Rxb2 50. Ke5 d2 51. Kxd5 Rc2 52. Rd1 b2 53. Ke5 b1=Q 54. Rxb1 Rc1 55. Rb7+ Kc6 56. f7 Bxf7 57. Kf6 Kxb7 58. Kxf7 Re1 0-1

[Event "CZE-ch U14 Girls 2020"]
[Site "Kouty nad Desnou"]
[Date "2020.03.07"]
[Round "1.18"]
[White "Spacilova, Klara"]
[Black "Sulcova, Tereza Radmila"]
[Result "1-0"]
[ECO "C13"]
[WhiteElo "1188"]
[BlackElo "1555"]
[Annotator "NA RC"]
[PlyCount "110"]
[EventDate "2020.03.07"]
[EventCountry "CZE"]
[SourceTitle "playchess.com"]
[Source "ChessBase"]
[SourceQuality "1"]
[TimeControl "5400+30"]

1. e4 e6 2. d4 d5 3. Nc3 Nf6 4. Bg5 Be7 5. Bxf6 Bxf6 6. Nf3 Nd7 7. Qd2 dxe4 8. Nxe4 O-O 9. Be2 e5 10. O-O-O exd4 11. Nxd4 c5 12. Nxf6+ Nxf6 13. Nb3 Qxd2+ 14. Rxd2 Ne4 15. Rd5 Be6 16. Re5 Bxb3 17. Rxe4 Be6 18. Bf3 Rad8 19. Ra4 Rd4 20. Rxa7 b5 21. Ra5 Bd7 22. Rd1 Rxd1+ 23. Bxd1 Bc6 24. f3 Re8 25. c4 Rb8 26. Be2 Kf8 27. cxb5 Bd5 28. b3 Ke7 29. Bc4 Kd6 30. Ra6+ Ke5 31. f4+ Ke4 32. g3 Bxc4 33. bxc4 Kd3 34. Ra4 Kc3 35. Kd1 Rb7 36. Ke2 f5 37. h3 h5 38. Kf2 Kd3 39. Kf3 Rb6 40. Ra6 Rb7 41. b6 Kxc4 42. a4 Kd5 43. a5 Kc6 44. Ra7 Rxa7 45. bxa7 Kb7 46. a8=Q+ Kxa8 47. Ke3 Ka7 48. Kd3 Ka6 49. Kc4 Kxa5 50. Kxc5 g5 51. fxg5 h4 52. gxh4 f4 53. g6 f3 54. g7 f2 55. g8=Q f1=Q 1-0

[Event "CZE-ch U14 Girls 2020"]
[Site "Kouty nad Desnou"]
[Date "2020.03.07"]
[Round "1.19"]
[White "Markova, Karolina"]
[Black "Stavova, Helena"]
[Result "1-0"]
[ECO "C32"]
[WhiteElo "1497"]
[BlackElo "1146"]
[Annotator "NA RC"]
[PlyCount "71"]
[EventDate "2020.03.07"]
[EventCountry "CZE"]
[SourceTitle "playchess.com"]
[Source "ChessBase"]
[SourceQuality "1"]
[TimeControl "5400+30"]

1. e4 e5 2. f4 d5 3. exd5 e4 4. Nc3 Nf6 5. Nge2 Bf5 6. Ng3 Bg4 7. Be2 Bxe2 8. Qxe2 Be7 9. O-O O-O 10. Ngxe4 Nxd5 11. Nxd5 Qxd5 12. Qf3 Nd7 13. d3 f5 14. Ng5 Qxf3 15. Nxf3 Nf6 16. Re1 Bd6 17. Bd2 Rac8 18. g3 c5 19. Ne5 Rfe8 20. Kg2 Bxe5 21. Rxe5 Rxe5 22. fxe5 Ng4 23. Re1 Re8 24. h3 Nh6 25. Bxh6 gxh6 26. Kf3 Kf7 27. Kf4 Kg6 28. e6 Kf6 29. e7 b6 30. Re5 Rxe7 31. Rxe7 Kxe7 32. Kxf5 Kf7 33. g4 Kg7 34. c3 Kf7 35. d4 cxd4 36. cxd4 1-0